 Seeded DCSS version 0.29.0-13-gc9e81de378 (webtiles) character file.

Game seed: 20220907 (custom seed)

11 purpskrrrp the Grave Robber (level 2, -1/19 HPs)
             Began as a Demonspawn Necromancer on Sept 7, 2022.
             Slain by a jackal (2 damage)
             ... on level 1 of the Dungeon.
             The game lasted 00:01:19 (159 turns).

purpskrrrp the Grave Robber (Demonspawn Necromancer) Turns: 159, Time: 00:01:19

Health: -1/19      AC:  2    Str:  8    XL:     2   Next: 13%
Magic:  0/5        EV: 12    Int: 16    God:
Gold:   32         SH:  0    Dex: 13    Spells: 4/5 levels left

rFire   . . .      SeeInvis .   (no weapon)
rCold   . . .      Faith    .   (no shield)
rNeg    . . .      Spirit   .   a - +0 robe
rPois   .          Reflect  .   (no helmet)
rElec   .          Harm     .   (no cloak)
rCorr   .          Rampage  .   (no gloves)
Will    .....                   (no boots)
Stlth   ++........              (no amulet)
HPRegen 0.06/turn               (no ring)
MPRegen 0.09/turn               (no ring)

@: no status effects
A: ignite blood 1
a: no special abilities


You were on level 1 of the Dungeon.
You visited 1 branch of the dungeon, and saw 1 of its levels.

You collected 32 gold pieces.

Inventory:

Armour
 a - a +0 robe (worn)
Scrolls
 c - a scroll of identify {unknown}
 d - a scroll of teleportation {unknown}
 e - a scroll of enchant armour {unknown}
Potions
 b - a potion of magic


   Skills:
 + Level 2.0 Dodging
 + Level 2.0 Stealth
 + Level 2.2 Spellcasting
 + Level 4.5 Necromancy


You had 4 spell levels left.
You knew the following spells:

 Your Spells              Type           Power      Damage    Failure   Level
a - Necrotise             Necr           64%        1d7       3%          1

Your spell library contained the following spells:

 Spells                   Type           Power      Damage    Failure   Level
 Vampiric Draining        Necr           16%        2d7       10%         3
 Animate Dead             Necr           16%        N/A       30%         4
 Agony                    Necr           16%        N/A       65%         5


Dungeon Overview and Level Annotations

Branches:
Dungeon (1/15)

Altars:


Innate Abilities, Weirdness & Mutations

Your demonic aura sometimes causes spilled blood to erupt in flames.


Message History

You closely miss the jackal. The jackal barely misses you.
Your jackal skeleton misses the jackal.
The jackal bites your ball python skeleton.
Your ball python skeleton is destroyed!
The kobold throws a stone.
The stone misses you.
You barely miss the jackal. The jackal barely misses you.
Your jackal skeleton barely misses the jackal.
The kobold throws a stone.
The stone barely misses you. The jackal bites you.
The jackal closely misses you.
Your jackal skeleton bites the jackal but does no damage.
Your jackal skeleton barely misses the jackal.
Your rat skeleton bites the jackal.
Your jackal skeleton closely misses the jackal.
Things that are here:
a +0 club; a goblin corpse The jackal misses you.
Your rat skeleton crumbles into dust!
The jackal barely misses you.
Your jackal skeleton bites the jackal but does no damage.
The kobold throws a stone.
The stone hits your jackal skeleton.
You hit the jackal but do no damage. The jackal misses you.
You barely miss the jackal. The jackal barely misses you. x2
The jackal bites you.
Your jackal skeleton barely misses the jackal.
The kobold throws a stone.
The stone hits your jackal skeleton.
Your jackal skeleton is destroyed!
You are too injured to fight recklessly!
Aiming: Necrotise (safe; 3% risk of failure)
Press: ? - help, Q - select action Shift-Dir - straight line, f - jackal, p - jackal
Aim: a jackal (moderately wounded, chance to affect: 86%)
The jackal barely resists.
The jackal completely misses you. The jackal barely misses you.
The jackal attacks as you move away! The jackal bites you.
The jackal attacks as you move away! The jackal bites you.
* * * LOW HITPOINT WARNING * * *
A bat comes into view.
The jackal bites you.
* * * LOW HITPOINT WARNING * * *
The jackal attacks as you move away! The jackal bites you.
You die...

...........#
.#.#.#.#.#.#
...........#
.#.#.#.#.#.# b
.......#...##### #.#
.......#.#.#.#.## ....
.........)K.K...# .....
.......#.##+##.###...#
.........# #hh@..#####
.....###.+ +.#####.<.#
>........# #..# #...#
......##.##+##.## #...#
................####...#
.....###.#.#.#.#...#.#.#
#..####.#...#.#.#
.#####..# #.....#...#
##........# ###...#...#


You could see 2 jackals, a bat (asleep) and a kobold.

Vanquished Creatures
  A ball python (D:1)
  2 bats (D:1)
  A giant cockroach (D:1)
  A jackal (D:1)
  A frilled lizard (D:1)
  A rat (D:1)
7 creatures vanquished.

Vanquished Creatures (collateral kills)
  A goblin (D:1)
  A jackal (D:1)
2 creatures vanquished.

Grand Total: 9 creatures vanquished

Notes
Turn   | Place    | Note
-------+----------+-------------------------------------------
     0 | D:1      | purpskrrrp the Demonspawn Necromancer began the quest for
                  | the Orb.
     0 | D:1      | Reached XP level 1. HP: 13/13 MP: 3/3
    57 | D:1      | Found a faded altar of an unknown god.
   134 | D:1      | Gained mutation: Your demonic aura sometimes causes spilled
                  | blood to erupt in flames. [demonic ancestry]
   134 | D:1      | Reached XP level 2. HP: 13/19 MP: 0/5
   159 | D:1      | Slain by a jackal

Illustrated notes

Levels and vault maps discovered:
D:1:      wheals_arrival_shading, layout_rooms, shapermc_ecumenical_altar_gd,
          moated_statue, dreamdust_wishing_well, minmay_misc_feat_doors,
          st_stairs_11, solitary_fountain, minmay_tripent

Skill      XL: |  1 |
---------------+----+-----
Stealth        | 2 |  2.0
Dodging        | 2 |  2.0
Spellcasting   | |  2.2
Necromancy     | |  4.5

Action                   || total
-------------------------++-------
Melee: Unarmed           ||     6
 Cast: Necrotise         ||     9
Armor: Robe              ||     2
Dodge: Dodged            ||    17
